PAA
MERCER ISLAND SCREAMING EAGLES @ ATHLETIC CLUB KC ACADEMY
05/17/2022
 
TOP OF THE 1ST
Mercer Island Screaming Eagles batting - Pitching for Athletic Club KC Academy : RHP Pedro Ramírez
Pitching: RHP Pedro Ramírez
Batting: RHB Juan Alba 0-0: Ball
1-0: Ball
2-0: Foul Ball, location: 2F
2-1: Called Strike
2-2: Foul Ball, location: 2F
2-2: Ground out 3-1 (Groundball, 3)
Batting: RHB Shawn McCormack 0-0: Foul Ball, location: 2F
0-1: Bunt missed!
0-2: Ball
1-2: Ball
2-2: Foul Ball, location: 2F
2-2: Foul Ball, location: 2F
2-2: Ball
3-2: Base on Balls
Batting: RHB Jim Unknown 0-0: Called Strike
Shawn McCormack steals 2nd base
0-1: Called Strike
0-2: Strikes out swinging
Batting: RHB Luis Antonio Hernández 0-0: Ball
1-0: Called Strike
1-1: Ball
2-1: Foul Ball, location: 2F
2-2: Ball
3-2: Foul Ball, location: 2F
3-2: Ground out 6-3 (Groundball, 6)
Top of the 1st over - 0 run(s), 0 hit(s), 0 error(s), 1 left on base; Mercer Island 0 - Athletic Club KC Academy 0
BOTTOM OF THE 1ST
Athletic Club KC Academy batting - Pitching for Mercer Island Screaming Eagles : LHP Juan Méndez
Pitching: LHP Juan Méndez
Batting: SHB António Montés 0-0: Ball
1-0: Ball
2-0: Called Strike
2-1: SINGLE (Line Drive, 8LS)
Batting: SHB Pedro Vázquez 0-0: Ball
1-0: Grounds into double play, 6-4-3 (Groundball, 6)
Batting: RHB Dave Robertson 0-0: Ball
1-0: Called Strike
1-1: Ground out 4-3 (Groundball, 4)
Bottom of the 1st over - 0 run(s), 1 hit(s), 0 error(s), 0 left on base; Mercer Island 0 - Athletic Club KC Academy 0
TOP OF THE 2ND
Mercer Island Screaming Eagles batting - Pitching for Athletic Club KC Academy : RHP Pedro Ramírez
Batting: RHB Jorge Peña 0-0: Foul Ball, location: 2F
0-1: Ground out 6-3 (Groundball, 6M)
Batting: LHB Gregg Young 0-0: Ball
1-0: Foul Ball, location: 2F
1-1: Foul Ball, location: 2F
1-2: Foul Ball, location: 2F
1-2: Ball
2-2: Ball
3-2: SINGLE (Groundball, 34D)
Batting: SHB León Estrada 0-0: Ball
1-0: Ball
2-0: Called Strike
2-1: Swinging Strike
2-2: Ball
3-2: Foul Ball, location: 2F
3-2: Base on Balls
Gregg Young to second
Batting: RHB Ted Cook 0-0: Ball
1-0: Ball
2-0: Called Strike
2-1: Foul Ball, location: 2F
2-2: Ball
3-2: Foul Ball, location: 2F
3-2: Base on Balls
Gregg Young to third
León Estrada to second
Batting: RHB Alan Rosales 0-0: Called Strike
0-1: Swinging Strike
0-2: Strikes out looking
Batting: RHB Juan Alba 0-0: Fly out, F9 (Flyball, 9LM)
Top of the 2nd over - 0 run(s), 1 hit(s), 0 error(s), 3 left on base; Mercer Island 0 - Athletic Club KC Academy 0
BOTTOM OF THE 2ND
Athletic Club KC Academy batting - Pitching for Mercer Island Screaming Eagles : LHP Juan Méndez
Batting: RHB Allen Williams 0-0: Called Strike
0-1: Ball
1-1: Swinging Strike
1-2: Ball
2-2: Ground out 6-3 (Groundball, 6)
Batting: RHB Bob Curry 0-0: Ball
1-0: Ball
2-0: Ball
3-0: Called Strike
3-1: Fly out, F8 (Flyball, 8RM)
Batting: RHB Michael Walker 0-0: Called Strike
0-1: Foul Ball, location: 2F
0-2: Ground out 6-3 (Groundball, 6)
Bottom of the 2nd over - 0 run(s), 0 hit(s), 0 error(s), 0 left on base; Mercer Island 0 - Athletic Club KC Academy 0
TOP OF THE 3RD
Mercer Island Screaming Eagles batting - Pitching for Athletic Club KC Academy : RHP Pedro Ramírez
Batting: RHB Shawn McCormack 0-0: Ball
1-0: Fly out, F8 (Flyball, 8RM)
Batting: RHB Jim Unknown 0-0: Ball
1-0: Ball
2-0: Called Strike
2-1: Foul Ball, location: 2F
2-2: Ball
3-2: Ground out 5-3 (Groundball, 56)
Batting: RHB Luis Antonio Hernández 0-0: Ball
1-0: Ball
2-0: Swinging Strike
2-1: Foul Ball, location: 2F
2-2: Strikes out swinging
Top of the 3rd over - 0 run(s), 0 hit(s), 0 error(s), 0 left on base; Mercer Island 0 - Athletic Club KC Academy 0
BOTTOM OF THE 3RD
Athletic Club KC Academy batting - Pitching for Mercer Island Screaming Eagles : LHP Juan Méndez
Batting: RHB Manuel Canó 0-0: Foul Ball, location: 2F
0-1: Called Strike
0-2: Ball
1-2: Ground out 5-3 (Groundball, 5)
Batting: RHB Larry Johnston 0-0: Ball
1-0: Called Strike
1-1: Fly out, F8 (Flyball, 8RM)
Batting: RHB William Williams 0-0: Foul Ball, location: 2F
0-1: Swinging Strike
0-2: Ball
1-2: Foul Ball, location: 2F
1-2: Ball
2-2: Ground out 4-3 (Groundball, 34)
Bottom of the 3rd over - 0 run(s), 0 hit(s), 0 error(s), 0 left on base; Mercer Island 0 - Athletic Club KC Academy 0
TOP OF THE 4TH
Mercer Island Screaming Eagles batting - Pitching for Athletic Club KC Academy : RHP Pedro Ramírez
Batting: RHB Jorge Peña 0-0: Called Strike
0-1: Foul Ball, location: 2F
0-2: Strikes out swinging
Batting: LHB Gregg Young 0-0: Ball
1-0: Foul Ball, location: 2F
1-1: Ball
2-1: SINGLE (Groundball, 4M)
Batting: SHB León Estrada 0-0: Called Strike
0-1: Foul Ball, location: 2F
0-2: Strikes out looking
Batting: RHB Ted Cook 0-0: Ground out 6-3 (Groundball, 6)
Top of the 4th over - 0 run(s), 1 hit(s), 0 error(s), 1 left on base; Mercer Island 0 - Athletic Club KC Academy 0
BOTTOM OF THE 4TH
Athletic Club KC Academy batting - Pitching for Mercer Island Screaming Eagles : LHP Juan Méndez
Batting: SHB António Montés 0-0: Ball
1-0: Foul Ball, location: 2F
1-1: Ball
2-1: Ground out 6-3 (Groundball, 6)
Batting: SHB Pedro Vázquez 0-0: Called Strike
0-1: Called Strike
0-2: Ball
1-2: Fly out, F2 (Popup, 2RF)
Batting: RHB Dave Robertson 0-0: Ball
1-0: Ground out 6-3 (Groundball, 6M)
Bottom of the 4th over - 0 run(s), 0 hit(s), 0 error(s), 0 left on base; Mercer Island 0 - Athletic Club KC Academy 0
TOP OF THE 5TH
Mercer Island Screaming Eagles batting - Pitching for Athletic Club KC Academy : RHP Pedro Ramírez
Batting: RHB Alan Rosales 0-0: Ball
1-0: Ball
2-0: Swinging Strike
2-1: Fly out, F4 (Line Drive, 4)
Batting: RHB Juan Alba 0-0: Foul Ball, location: 2F
0-1: Ground out 2-3 (Groundball, 25)
Batting: RHB Shawn McCormack 0-0: Ball
1-0: Ball
2-0: SINGLE (Line Drive, 89S)
Batting: RHB Jim Unknown 0-0: Swinging Strike
0-1: Ball
Shawn McCormack steals 2nd base
1-1: Ball
2-1: Foul Ball, location: 2F
2-2: Ball
3-2: SINGLE (Flyball, 89S)
Shawn McCormack to third
Shawn McCormack scores
Batting: RHB Luis Antonio Hernández 0-0: Ball
1-0: Ball
Jim Unknown is caught stealing 2nd base
Top of the 5th over - 1 run(s), 2 hit(s), 0 error(s), 0 left on base; Mercer Island 1 - Athletic Club KC Academy 0
BOTTOM OF THE 5TH
Athletic Club KC Academy batting - Pitching for Mercer Island Screaming Eagles : LHP Juan Méndez
Batting: RHB Allen Williams 0-0: SOLO HOME RUN (Flyball, 8LXD), Distance : 437 ft
Batting: RHB Bob Curry 0-0: Ball
1-0: Ball
2-0: Called Strike
2-1: Swinging Strike
2-2: Foul Ball, location: 2F
2-2: Ground out 1-3 (Groundball, 34S)
Batting: RHB Michael Walker 0-0: Called Strike
0-1: Ball
1-1: Foul Ball, location: 2F
1-2: Foul Ball, location: 2F
1-2: Ball
2-2: Strikes out looking
Batting: RHB Manuel Canó 0-0: Ball
1-0: Ball
2-0: Ball
3-0: Base on Balls
Batting: RHB Larry Johnston 0-0: Called Strike
0-1: Called Strike
0-2: Ground out 5-3 (Groundball, 5S)
Bottom of the 5th over - 1 run(s), 1 hit(s), 0 error(s), 1 left on base; Mercer Island 1 - Athletic Club KC Academy 1
TOP OF THE 6TH
Mercer Island Screaming Eagles batting - Pitching for Athletic Club KC Academy : RHP Pedro Ramírez
Batting: RHB Luis Antonio Hernández 0-0: DOUBLE (Line Drive, 5D)
Batting: RHB Jorge Peña 0-0: Foul Ball, location: 2F
0-1: Foul Ball, location: 2F
0-2: Fly out, F6 (Popup, 56)
Batting: LHB Gregg Young 0-0: Ball
1-0: Ball
2-0: Called Strike
2-1: Ball
3-1: Foul Ball, location: 2F
3-2: Base on Balls
Pitching: RHP Juan Herrera
Batting: SHB León Estrada 0-0: Ball
1-0: Ball
2-0: Ball
3-0: Called Strike
3-1: Base on Balls
Luis Antonio Hernández to third
Gregg Young to second
Batting: RHB Ted Cook 0-0: Called Strike
0-1: Ball
1-1: Ball
2-1: Grounds into double play, 5-4-3 (Groundball, 5)
Top of the 6th over - 0 run(s), 1 hit(s), 0 error(s), 2 left on base; Mercer Island 1 - Athletic Club KC Academy 1
BOTTOM OF THE 6TH
Athletic Club KC Academy batting - Pitching for Mercer Island Screaming Eagles : LHP Juan Méndez
Batting: RHB William Williams 0-0: Fly out, F8 (Line Drive, 8LXD)
Batting: SHB António Montés 0-0: DOUBLE (Groundball, 3L)
Batting: SHB Pedro Vázquez 0-0: Intentional Walk
Batting: RHB Dave Robertson 0-0: Ball
1-0: Called Strike
1-1: Foul Ball, location: 2F
1-2: Foul Ball, location: 2F
1-2: Ball
2-2: Ball
3-2: SINGLE (Line Drive, 89M)
António Montés to third
Pedro Vázquez to second
Batting: RHB Allen Williams 0-0: Grounds into double play, 5-4-3 (Groundball, 56)
Bottom of the 6th over - 0 run(s), 2 hit(s), 0 error(s), 2 left on base; Mercer Island 1 - Athletic Club KC Academy 1
TOP OF THE 7TH
Mercer Island Screaming Eagles batting - Pitching for Athletic Club KC Academy : RHP Juan Herrera
Pinch Hitting: SHB Ray Davis 0-0: Called Strike
0-1: SINGLE (Groundball, 56D)
Batting: RHB Juan Alba 0-0: Sac Bunt - play at first, batter OUT! 1-4
Ray Davis to second
Pinch Hitting: RHB Jason Ruffin 0-0: Ball
1-0: Foul Ball, location: 2F
1-1: Called Strike
1-2: Foul Ball, location: 2F
1-2: Ball
2-2: Ball
3-2: Foul Ball, location: 2F
3-2: Strikes out swinging
Batting: RHB Jim Unknown 0-0: Ball
1-0: Ball
2-0: Called Strike
2-1: Ground out 6-3 (Groundball, 6)
Top of the 7th over - 0 run(s), 1 hit(s), 0 error(s), 1 left on base; Mercer Island 1 - Athletic Club KC Academy 1
BOTTOM OF THE 7TH
Athletic Club KC Academy batting - Pitching for Mercer Island Screaming Eagles : LHP Juan Méndez
Now in CF: Mike Kelly
Now in RF: Jason Ruffin
Batting: RHB Bob Curry 0-0: Foul Ball, location: 2F
0-1: Swinging Strike
0-2: Ball
1-2: Ground out 4-3 (Groundball, 4)
Pinch Hitting: RHB Frank Church 0-0: Fly out, F3 (Popup, 3S)
Batting: RHB Manuel Canó 0-0: Ball
1-0: Called Strike
1-1: Ball
2-1: Ball
3-1: Fly out, F9 (Flyball, 89D)
Bottom of the 7th over - 0 run(s), 0 hit(s), 0 error(s), 0 left on base; Mercer Island 1 - Athletic Club KC Academy 1
TOP OF THE 8TH
Mercer Island Screaming Eagles batting - Pitching for Athletic Club KC Academy : RHP Juan Herrera
Now at SS: Frank Church
Batting: RHB Luis Antonio Hernández 0-0: Called Strike
0-1: Foul Ball, location: 2F
0-2: Ball
1-2: Ball
2-2: Ball
3-2: Foul Ball, location: 2F
3-2: Foul Ball, location: 2F
3-2: SINGLE (Line Drive, 56D)
Batting: RHB Jorge Peña 0-0: Fly out, F3 (Line Drive, 3)
0-0: Lined into DP, U3 (Line Drive, 3)
Batting: LHB Gregg Young 0-0: Ball
1-0: Ball
2-0: Swinging Strike
2-1: Swinging Strike
2-2: Ball
3-2: Base on Balls
Pinch Runner at 1st Júlio Molina:
Pinch Hitting: LHB Nelson Plasenia 0-0: Called Strike
Júlio Molina steals 2nd base
0-1: Ball
1-1: DOUBLE (Flyball, 8LM)
Júlio Molina scores
Pinch Hitting: SHB Miguel Pérez 0-0: Ball
1-0: Called Strike
1-1: Ball
2-1: Ball
3-1: Base on Balls
Pinch Hitting: RHB Vincente Flores 0-0: Ball
1-0: Foul Ball, location: 2F
1-1: Ground out 1-3 (Groundball, 15)
Top of the 8th over - 1 run(s), 2 hit(s), 0 error(s), 2 left on base; Mercer Island 2 - Athletic Club KC Academy 1
BOTTOM OF THE 8TH
Athletic Club KC Academy batting - Pitching for Mercer Island Screaming Eagles : LHP Juan Méndez
Now at 1B: Colm Neal
Now at 2B: Miguel Pérez
Now at SS: Nelson Plasenia
Now in CF: Júlio Molina
Batting: RHB Larry Johnston 0-0: Called Strike
0-1: Reached on error, E1 (Groundball, 13S)
Pinch Hitting: RHB John Williams 0-0: Ground out 5-3 (Groundball, 5L)
Pinch Hitting: RHB Chris Teague 0-0: Ground out 5-3 (Groundball, 56)
Batting: SHB Pedro Vázquez 0-0: Fly out, F8 (Flyball, 8LM)
Bottom of the 8th over - 0 run(s), 0 hit(s), 1 error(s), 1 left on base; Mercer Island 2 - Athletic Club KC Academy 1
TOP OF THE 9TH
Mercer Island Screaming Eagles batting - Pitching for Athletic Club KC Academy : RHP Juan Herrera
Pitching: LHP António Silva
Now at 2B: Chris Teague
Now in RF: José Durán
Batting: RHB Juan Alba 0-0: Swinging Strike
0-1: Ball
1-1: Foul Ball, location: 2F
1-2: DOUBLE (Line Drive, 89M)
Batting: RHB Jason Ruffin 0-0: Called Strike
0-1: Ground out 5-3 (Groundball, 56)
Batting: RHB Jim Unknown 0-0: Called Strike
0-1: Called Strike
0-2: Ball
1-2: Foul Ball, location: 2F
1-2: Strikes out swinging passed ball, reaches first!
Juan Alba to third
Batting: RHB Luis Antonio Hernández 0-0: Ball
1-0: Called Strike
1-1: Ball
2-1: Ball
3-1: Foul Ball, location: 2F
3-2: Foul Ball, location: 2F
3-2: Foul Ball, location: 2F
3-2: Foul Ball, location: 2F
3-2: Foul Ball, location: 2F
3-2: Base on Balls
Jim Unknown to second
Batting: RHB Jorge Peña 0-0: Called Strike
0-1: Ball
1-1: Foul Ball, location: 2F
1-2: Ball
2-2: Strikes out swinging
Pinch Hitting: RHB P.J. O'Keefe 0-0: Ball
1-0: Foul Ball, location: 2F
1-1: Ball
2-1: Foul Ball, location: 2F
2-2: Strikes out swinging
Top of the 9th over - 0 run(s), 1 hit(s), 0 error(s), 3 left on base; Mercer Island 2 - Athletic Club KC Academy 1
BOTTOM OF THE 9TH
Athletic Club KC Academy batting - Pitching for Mercer Island Screaming Eagles : LHP Juan Méndez
Pitching: RHP Jim Roberts
Now in LF: Mario Blanco
Batting: RHB Dave Robertson 0-0: Ball
1-0: Ground out 5-3 (Groundball, 56)
Batting: RHB Allen Williams 0-0: Ball
1-0: Foul Ball, location: 2F
1-1: Ball
2-1: Called Strike
2-2: Strikes out swinging
Pinch Hitting: LHB Ed Hammond 0-0: Called Strike
0-1: Called Strike
0-2: Ball
1-2: Ball
2-2: Ground out 4-3 (Groundball, 4)
Bottom of the 9th over - 0 run(s), 0 hit(s), 0 error(s), 0 left on base; Mercer Island 2 - Athletic Club KC Academy 1
This league is powered by Out of the Park Baseball, the baseball management simulation game for PC, Mac and Linux
Friday, April 15th, 2016 - OOTP Baseball 16.9 Build 39